 Dungeon Crawl Stone Soup version 0.31-a0-1068-g5939ac1fb6 (webtiles) character file.

Game seed: 7892805842316117666

567600 hackum the Wrestler (level 25, -2/265 HPs)
             Began as a Troll Fighter on Nov 24, 2023.
             Was the Champion of the Shining One.
             Killed from afar by a yellow draconian shifter (9 damage)
             ... with a glob of acid
             ... on level 3 of the Realm of Zot.
             The game lasted 01:53:50 (50236 turns).

hackum the Wrestler (Troll Fighter)                Turns: 50236, Time: 01:53:58

Health: -2/265     AC: 32    Str: 31    XL:     25   Next: 54%
Magic:  30/31      EV: 15    Int:  9    God:    the Shining One [******]
Gold:   9712       SH: 34    Dex: 17    Spells: 24/24 levels left

rFire   + +          .
                       - Unarmed
rCold   + + .        z - +2 kite shield {rF+}
rNeg    + + +        W - +6 gold dragon scales
rPois   +            b - +2 hat {Will+}
rElec   +            M - +1 cloak of Starlight {*Dazzle EV+4 Stlth--}
rCorr   +            (gloves unavailable)
SInv    .            (boots unavailable)
Will    +++++        B - amulet of reflection Stlth
                     i - ring "Ago Pokerouw" {rElec rC+ rCorr Int+2 Stlth+}
HPRegen 1.44/turn    a - ring of Unet {rPois Will++ Int+3}
MPRegen 0.22/turn

%: reflection, clarity
@: divinely shielded, corroded, glowing
A: large, unfitting armour, claws 3, regeneration 1, shaggy fur 1, tough skin 1,
hooves 1, iridescent scales 1, clarity, strong-willed 1, screaming 1, subdued
magic 1, inability to drink after injury 1
}: 3/15 runes: decaying, silver, gossamer
a: Renounce Religion, Divine Shield, Cleansing Flame, Summon Divine Warrior,
Brand Weapon With Holy Wrath


You were on level 3 of the Realm of Zot.
You worshipped the Shining One.
The Shining One was exalted by your worship.
You visited 11 branches of the dungeon, and saw 48 of its levels.
You visited the Abyss 1 time.
You visited 1 bazaar.
You also visited: Sewer, Bailey, Volcano and Wizlab.

You collected 10628 gold pieces.
You spent 916 gold pieces at shops.

Inventory:

Hand Weapons
 y - a +0 hand cannon
Missiles
 x - 137 large rocks (quivered)
 P - 2 curare-tipped darts
Armour
 b - a +2 hat of willpower (worn)
 j - the +1 cloak of the Comet {rElec rPois Int+6 Dex-2}
   (You acquired it on level 4 of the Swamp)

   Int+6:     It affects your intelligence (+6).
   Dex-2:     It affects your dexterity (-2).
   rElec:     It insulates you from electricity.
   rPois:     It protects you from poison
 z - a +2 kite shield of fire resistance (worn)
 J - the +1 shadow dragon scales of Divine New Discoveries {rCorr Dex+5 Stlth++++}
   (Okawaru gifted it to you on level 3 of the Lair of Beasts)

   Dex+5:     It affects your dexterity (+5).
   rCorr:     It protects you from acid and corrosion.
   Stlth++++: It makes you much more stealthy.
 M - the +1 cloak of Starlight (worn) {*Dazzle EV+4 Stlth--}
   (You acquired it on level 4 of the Lair of Beasts)

   *Dazzle:   It may blind those who miss an attack against the wearer in melee
   combat.
   EV+4:      It affects your evasion (+4).
   Stlth--:   It makes you much less stealthy.
 W - +6 gold dragon scales (worn)
Jewellery
 a - the ring of Unet (right claw) {rPois Will++ Int+3}
   (You acquired it on level 4 of the Lair of Beasts)

   [ring of poison resistance]

   Int+3:     It affects your intelligence (+3).
   rPois:     It protects you from poison Will++: It greatly increases your
   willpower.
 f - a +5 ring of evasion
 i - the ring "Ago Pokerouw" (left claw) {rElec rC+ rCorr Int+2 Stlth+}
   (You acquired it on level 1 of the Lair of Beasts)

   [ring of protection from cold]

   Int+2:     It affects your intelligence (+2).
   rC+:       It protects you from cold.
   rElec:     It insulates you from electricity.
   rCorr:     It protects you from acid and corrosion.
   Stlth+:    It makes you more stealthy.
 s - the amulet "Ilaitwiv" {Faith Fly rC+ Stlth+}
   (You found it on level 1 of the Realm of Zot)

   [amulet of faith]

   Faith:     It allows you to gain divine favour quickly.
   rC+:       It protects you from cold.
   Fly:       It grants you flight.
   Stlth+:    It makes you more stealthy.
 B - an amulet of reflection (around neck)
 E - a ring of flight
 N - the ring of the Oligarchy {rCorr Stlth+}
   (You found it in a wizard's laboratory)

   [ring of resist corrosion]

   rCorr:     It protects you from acid and corrosion.
   Stlth+:    It makes you more stealthy.
Wands
 n - a wand of digging (35)
 r - a wand of iceblast (41)
 v - a wand of flame (138)
 D - a wand of mindburst (50)
 K - a wand of light (13)
 L - a wand of paralysis (27)
 Q - a wand of polymorph (25)
Scrolls
 d - 7 scrolls of fear
 m - 4 scrolls of revelation
 p - 5 scrolls of teleportation
 A - 7 scrolls of butterflies
 I - 6 scrolls of blinking
 U - a scroll of poison
 V - a scroll of silence
Potions
 c - 10 potions of might
 e - 9 potions of brilliance
 g - 6 potions of lignification
 h - 14 potions of curing
 k - 8 potions of resistance
 l - 11 potions of heal wounds
 o - 6 potions of enlightenment
 q - 6 potions of attraction
 t - 7 potions of invisibility
 u - 3 potions of ambrosia
 w - 4 potions of berserk rage
 C - 13 potions of haste
 F - 6 potions of mutation
 G - 14 potions of magic
 H - 5 potions of cancellation


   Skills:
 + Level 18.0 Fighting
 - Level 2.8 Throwing
 + Level 18.0 Armour
 - Level 16.1 Dodging
 + Level 19.6 Shields
 + Level 23.4 Unarmed Combat
 * Level 13.1 Invocations


You had 24 spell levels left.
You didn't know any spells.
Your spell library contained the following spells:

 Spells                   Type           Power      Damage    Failure   Level
 Apportation              Tloc           0%         N/A       99%         1
 Foxfire                  Conj/Fire      0%         2x1d4     99%         1
 Kiss of Death            Conj/Necr      0%         2d5       99%         1
 Magic Dart               Conj           0%         1d3       99%         1
 Necrotise                Necr           0%         1d4       99%         1
 Sandblast                Erth           0%         2d4       99%         1
 Sting                    Tmut/Pois      0%         1d3       99%         1
 Summon Small Mammal      Summ           0%         N/A       99%         1
 Blink                    Tloc           0%         N/A       100%        2
 Cigotuvi's Dreadful Rot  Necr/Pois/Air  0%         N/A       100%        2
 Ensorcelled Hibernation  Hex/Ice        0%         N/A       100%        2
 Jinxbite                 Hex            0%         N/A       100%        2
 Lesser Beckoning         Tloc           0%         N/A       100%        2
 Momentum Strike          Conj/Tloc      0%         3d8       100%        2
 Poisonous Vapours        Pois/Air       0%         N/A       100%        2
 Scorch                   Fire           0%         2d5       100%        2
 Searing Ray              Conj           0%         2d4       100%        2
 Static Discharge         Conj/Air       0%         3-3/arc   100%        2
 Sublimation of Blood     Necr           0%         N/A       100%        2
 Wereblood                Tmut           0%         N/A       100%        2
 Confusing Touch          Hex            0%         N/A       100%        3
 Gell's Gravitas          Tloc           0%         N/A       100%        3
 Hailstorm                Conj/Ice       0%         3d3       100%        3
 Ignite Poison            Fire/Tmut/Pois 0%         N/A       100%        3
 Inner Flame              Hex/Fire       0%         N/A       100%        3
 Stone Arrow              Conj/Erth      0%         3d7       100%        3
 Teleport Other           Tloc           0%         N/A       100%        3
 Tukima's Dance           Hex            0%         N/A       100%        3
 Vampiric Draining        Necr           0%         2d6       100%        3
 Volatile Blastmotes      Fire/Tloc      0%         2d10      100%        3
 Airstrike                Air            0%         2d(0-16)  100%        4
 Anguish                  Hex/Necr       0%         N/A       100%        4
 Animate Armour           Summ/Erth      0%         N/A       100%        4
 Brom's Barrelling Bould  Conj/Erth      0%         2d3       100%        4
 Cause Fear               Hex            0%         N/A       100%        4
 Dimensional Bullseye     Hex/Tloc       0%         N/A       100%        4
 Dispel Undead            Necr           0%         3d6       100%        4
 Flame Wave               Conj/Fire      0%         2d4       100%        4
 Fulminant Prism          Conj/Hex       0%         3d5       100%        4
 Iskenderun's Mystic Bla  Conj/Tloc      0%         2d3       100%        4
 Leda's Liquefaction      Hex/Erth       0%         N/A       100%        4
 Manifold Assault         Tloc           0%         N/A       100%        4
 Olgreb's Toxic Radiance  Pois           0%         N/A       100%        4
 Passage of Golubria      Tloc           0%         N/A       100%        4
 Petrify                  Tmut/Erth      0%         N/A       100%        4
 Sticky Flame             Conj/Fire      0%         2d3       100%        4
 Summon Lightning Spire   Summ/Air       0%         N/A       100%        4
 Agony                    Necr           0%         N/A       100%        5
 Alistair's Intoxication  Tmut/Pois      0%         N/A       100%        5
 Borgnjor's Vile Clutch   Necr/Erth      0%         N/A       100%        5
 Fireball                 Conj/Fire      0%         3d3       100%        5
 Freezing Cloud           Conj/Ice/Air   0%         6-21      100%        5
 Irradiate                Conj/Tmut      0%         3d11      100%        5
 Lee's Rapid Deconstruct  Erth           0%         3d4*      100%        5
 Summon Forest            Summ/Tloc      0%         N/A       100%        5
 Yara's Violent Unravell  Hex/Tmut       0%         3d3       100%        5
 Bombard                  Conj/Erth      0%         9d1       100%        6
 Dispersal                Tloc           0%         N/A       100%        6
 Eringya's Noxious Bog    Tmut/Pois      0%         4d6       100%        6
 Plasma Beam              Fire/Air       0%         2x1d10    100%        6
 Starburst                Conj/Fire      0%         6d3       100%        6
 Summon Cactus Giant      Summ           0%         N/A       100%        6
 Orb of Destruction       Conj           0%         9d5       100%        7
 Summon Hydra             Summ           0%         N/A       100%        7
 Ignition                 Fire           0%         3d3       100%        8
 Lehudib's Crystal Spear  Conj/Erth      0%         10d2      100%        8
 Dragon's Call            Summ           0%         N/A       100%        9
 Fire Storm               Conj/Fire      0%         5d1       100%        9
 Shatter                  Erth           0%         3d5*      100%        9


Dungeon Overview and Level Annotations

Branches:
Dungeon (15/15)            Temple (1/1) D:4            Lair (5/5) D:8
  Swamp (4/4) Lair:2       Spider (4/4) Lair:3        Slime (0/5) Lair:5
    Orc (2/2) D:9             Elf (3/3) Orc:2        Vaults (5/5) D:14
  Crypt (3/3) Vaults:2       Tomb (0/3) Crypt:3      Depths (4/4) D:15
    Zot (3/5) Depths:4      Sewer (visited)          Bailey (visited)
Volcano (visited)          WizLab (visited)

Altars:
Ashenzari
Cheibriados
Dithmenos
Elyvilon
Fedhas
Gozag
Hepliaklqana
Kikubaaqudgha
Makhleb
Nemelex Xobeh
Okawaru
Qazlal
Ru
Sif Muna
Trog
Uskayaw
Vehumet
Wu Jian
Xom
Yredelemnul
Zin
The Shining One

Shops:
D:2 (   D:6 :   Orc:2 *==(   Elf:2 [   Vaults:2 (   Vaults:4 ((

Portals:
Hell: Depths:1 Depths:2 Depths:4
Abyss: Depths:1 Depths:4
Ziggurat: Depths:4

Annotations:
Lair:5 exclusion: 4 oklob plants
Elf:1 exclusion: orange crystal statue


Innate Abilities, Weirdness & Mutations

You are too large for most types of armour.
You have claws for hands.
Your natural rate of healing is unusually fast.
You are covered in fur. (AC +1)
You have tough skin. (AC +1)
You have large cloven feet.
You are partially covered in iridescent scales. (AC +2)
You possess an exceptional clarity of mind.
You are strong-willed. (Will+)
You occasionally shout uncontrollably at your foes.
Your spells are a little easier to cast, but a little less powerful.
You occasionally lose the ability to drink potions when taking damage.


Message History

The yellow draconian shifter spits acid at you.
The glob of acid hits you but does no damage.
The acid corrodes you!
As you read the scroll of teleportation, it crumbles to dust.
You feel strangely unstable.
You feel the Orb delaying your translocation!
The red draconian roars!
The yellow draconian spits acid at you.
The glob of acid hits you but does no damage.
The black draconian breathes lightning at you.
The bolt of lightning hits you. You resist.
* * * LOW HITPOINT WARNING * * *
You block the purple draconian's attack.
The purple draconian shifter mumbles some strange words.
The purple draconian shifter blinks!
You block the purple draconian's attack.
The yellow draconian annihilator points at you and mumbles some strange words.
The iron shot hits you!!!
* * * LOW HITPOINT WARNING * * *
The yellow draconian shifter gestures at you while chanting.
The purple draconian blinks!
The white draconian stormcaller blinks!
The black draconian blinks!
You block the jelly's attack.
You hear a roar! x2
Unknown command.
Blink to where?
Press: ? - help, Dir - move target
As you read the scroll of blinking, it crumbles to dust.
The yellow draconian annihilator casts a spell.
The yellow draconian annihilator blinks!
The yellow draconian shifter casts a spell.
The yellow draconian shifter blinks!
Your daeva resists with almost no effort.
The purple draconian breathes dispelling energy at you.
The bolt of dispelling energy hits you!!
You feel strangely stable.
Your magical effects are unravelling.
* * * LOW HITPOINT WARNING * * *
The yellow draconian shifter spits acid at you.
The glob of acid hits you! You resist.
You die...

##############
.............##
..............##
...............##
..........@.....#
.................#
#...............
#.........#.....
#........###....
#........# #... .
#........# #.. ...
d.#######ddq....####
#.....
.......)d..........##
#.....


You could see 2 draconians and a yellow draconian shifter (catching breath).

Vanquished Creatures
  A dread lich (Vaults:5)
  2 ancient liches (Vaults:5)
  Mara (Arena)
  A royal mummy (Crypt:3)
  Vv (Crypt:2)
  Margery (Vaults:4)
  Xtahua (Vaults:5)
  Norris (Vaults:4)
  5 golden dragons
  3 bone dragons
  2 profane servitors
  Arachne (Spider:4)
  An electric golem (Zot:3)
  A moon troll (WizLab)
  Asterion (Spider:4)
  Jorgrun (D:14)
  11 tentacled monstrosities
  Rupert (Spider:1)
  5 quicksilver dragons
  A walking earthen tome (Depths:4)
  3 liches
  10 titans
  2 deep elf blademasters (Elf:3)
  6 sphinxes
  11 deep elf master archers
  9 tentacled starspawn
  Frances (D:13)
  4 death cobs
  Kirke (Spider:1)
  2 ancient champions (Crypt:1)
  7 tengu reavers
  9 shadow dragons
  10 storm dragons
  A thorn hunter (Swamp:3)
  Aizul (Spider:1)
  Donald (Vaults:4)
  4 draconian knights
  An azure jelly (Swamp:4)
  2 draconian monks
  3 revenants
  An azure jelly (shapeshifter) (Vaults:5)
  Louise (Elf:3)
  5 emperor scorpions
  A daeva (Depths:4)
  7 deep elf sorcerers
  A fenstrider witch (Swamp:3)
  22 vault wardens
  15 frost giants
  10 fire giants
  2 iron dragons
  A deep elf elementalist (Elf:3)
  A caustic shrike zombie (Crypt:3)
  A curse skull (Crypt:1)
  8 ghost moths
  5 draconian scorchers
  9 ghouls
  An angel (Depths:4)
  2 cacodemons (WizLab)
  2 draconian stormcallers
  3 draconian annihilators
  20 ironbound preservers
  29 stone giants
  An orc warlord (Vaults:2)
  A caustic shrike skeleton (Crypt:1)
  10 war gargoyles
  2 broodmothers
  26 very ugly things
  2 deep elf demonologists (Elf:3)
  Nessos (D:13)
  8 ironbound thunderhulks
  6 vampire knights
  A formless jellyfish (Vaults:4)
  4 spark wasps
  A green draconian (Zot:2)
  4 red draconians
  12 yellow draconians
  10 black draconians
  An eleionoma (Swamp:4)
  A starcursed mass (WizLab)
  8 deep elf annihilators
  8 dire elephants
  4 purple draconians
  2 white draconians
  2 bunyips
  Snorg (D:12)
  11 deep elf death magi
  8 ettins
  3 fire dragons
  12 eidola
  12 jiangshi
  3 entropy weavers
  A spriggan zombie (Crypt:2)
  34 vault guards
  4 crystal guardians
  3 shambling mangroves
  11 yaktaur captains
  Erolcha (Orc:1)
  4 deep elf high priests
  8 great orbs of eyes
  3 peacekeepers
  A quicksilver dragon skeleton (Crypt:2)
  6 centaur warriors
  Fannar (Orc:1)
  5 ice dragons
  4 ghost crabs
  5 radroaches
  10 ironbound frosthearts
  3 rakshasas
  15 hydras
  5 jorogumos
  5 ogre magi
  A spriggan air mage (Depths:1)
  Erica (Lair:2)
  7 alligators
  9 death knights
  3 deep troll shamans (Depths:1)
  8 boulder beetles
  18 two-headed ogres
  9 demonic crawlers
  Urug (D:13)
  12 dancing weapons
  4 tengu warriors
  A titan zombie (Crypt:3)
  3 occultists
  3 deep troll earth magi
  A thrashing horror (Abyss:3)
  2 hell knights (Vaults:4)
  13 deep elf knights
  Sonja (D:13)
  4 vampire magi
  3 wretched stars
  A soul eater (Crypt:1)
  An orange crystal statue (WizLab)
  4 skysharks (Vaults:4)
  9 pharaoh ants
  Amaemon (D:11)
  20 skeletal warriors
  2 shadow wraiths
  3 sun moths (Spider:4)
  A death drake (Swamp:4)
  3 goliath frogs
  3 iron trolls (Depths:1)
  5 large abominations
  A bunyip zombie (Crypt:3)
  63 deep trolls
  9 glowing orange brains (WizLab)
  8 flayed ghosts
  7 orb spiders
  4 arcanists
  8 bog bodies
  A sea snake (shapeshifter) (Vaults:5)
  21 phantasmal warriors
  3 spriggan druids
  22 ironbound convokers
  6 swamp dragons
  15 deep elf archers
  8 steelbarb worms
  31 deep elf pyromancers
  6 lindwurms
  4 orc sorcerers
  A mana viper (shapeshifter) (Vaults:2)
  4 harpies (Vaults:3)
  7 orc knights
  15 wolf spiders
  A broodmother zombie (Crypt:1)
  45 ugly things
  29 deep elf zephyrmancers
  4 necromancers
  An eleionoma zombie (Crypt:1)
  4 salamanders (Depths:1)
  9 cyclopes
  4 manticores
  2 worldbinders (Abyss:2)
  8 will-o-the-wisps
  14 moths of wrath
  3 dire elephant zombies
  A formless jellyfish zombie (Crypt:2)
  11 vault sentinels
  A centaur zombie (Crypt:3)
  8 elephants (Lair:4)
  3 black mambas
  5 torpor snails (Spider:4)
  3 smoke demons
  3 eyes of devastation (WizLab)
  5 molten gargoyles (Volcano)
  2 gargoyles
  An orange demon (D:11)
  A green draconian zombie (Crypt:1)
  2 centaur skeletons (D:15)
  An alligator snapping turtle zombie (Crypt:2)
  An unseen horror (shapeshifter) (Elf:1)
  2 unseen horrors
  3 efreet (Volcano)
  A rime drake (Lair:4)
  14 cane toads
  52 yaktaurs
  16 freezing wraiths
  8 komodo dragons
  2 ancient zymes
  2 tengu conjurers
  A meliai (D:10)
  A harpy zombie (Crypt:3)
  5 guardian mummies
  12 trolls
  A hellwing (Abyss:3)
  A red devil (Abyss:2)
  A purple draconian skeleton (Crypt:2)
  10 tyrant leeches
  17 polar bears
  28 tarantellas
  19 hornets
  3 raiju (Lair:5)
  11 blink frogs
  A fire dragon zombie (Crypt:2)
  A death drake skeleton (Crypt:1)
  A jumping spider (shapeshifter) (Elf:2)
  14 slime creatures
  23 jumping spiders
  30 culicivoras
  13 spriggans
  3 shadows
  6 wyverns
  A flying skull (Abyss:2)
  5 vampires
  Eustachio (D:6)
  Sigmund (D:3)
  3 air elementals
  3 water elementals
  9 wraiths
  2 humans (Spider:1)
  46 yaks
  4 fire bats (Depths:1)
  6 golden eyes (WizLab)
  2 hogs (Spider:1)
  A basilisk (D:14)
  5 chaos spawn (Depths:4)
  2 neqoxecs (WizLab)
  2 steam dragons
  13 fire elementals
  48 redbacks
  6 swamp worm simulacra (Swamp:4)
  An ushabti (Crypt:3)
  32 vampire mosquitoes
  16 swamp worms
  3 harpy simulacra (Crypt:2)
  13 hydra simulacra (Swamp:4)
  14 hell hounds (Lair:5)
  2 acid dragons
  5 wargs
  9 water moccasins
  A fire bat skeleton (Crypt:2)
  18 orc warriors
  2 swamp drakes
  A sky beast (D:8)
  3 ice beasts
  20 black bears
  An ogre (shapeshifter) (Vaults:5)
  24 ogres
  A hornet zombie (D:15)
  17 wolves
  6 centaurs
  2 phantoms
  Blork the orc (D:6)
  17 bullfrogs
  3 kobold brigands
  A yaktaur zombie (Crypt:2)
  3 gnoll sergeants
  2 earth elementals
  A cyclops zombie (Crypt:2)
  2 scorpions
  A komodo dragon skeleton (Crypt:2)
  11 necrophages (Crypt:3)
  7 small abominations
  10 wights
  9 wyvern skeletons (Crypt:3)
  3 killer bees (D:9)
  5 electric eels
  4 hounds
  7 jellies
  19 orc priests
  3 human zombies (Crypt:1)
  Ijyb (D:5)
  4 human skeletons
  2 sleepcaps
  2 iguanas
  25 orc wizards
  A boggart skeleton (D:15)
  A mummy (Crypt:3)
  15 gnolls
  11 adders
  A steam dragon zombie (Crypt:2)
  2 river rats (Sewer)
  A shadow imp (D:6)
  6 white imps
  2 swamp drake simulacra (Swamp:4)
  An iguana skeleton (Crypt:2)
  A worm (shapeshifter) (Depths:4)
  4 worms
  A dart slug (D:1)
  73 orcs
  6 ball pythons
  3 bats
  8 endoplasms
  4 giant cockroaches
  13 goblins
  8 hobgoblins
  4 jackals (D:1)
  7 quokkas
  4 frilled lizards
  19 kobolds
  An orc zombie (Crypt:1)
  18 rats
  2 rat zombies
  A spectral goblin (D:5)
  7 spectral weapons (Spider:4)
  7 starspawn tentacles
2172 creatures vanquished.

Vanquished Creatures (collateral kills)
  Josephina (Crypt:2)
  A tentacled monstrosity (Zot:3)
  A deep elf master archer (Crypt:2)
  A titan (Depths:4)
  3 ghouls (Crypt:3)
  A draconian annihilator (Zot:3)
  2 yellow draconians (Zot:3)
  A green draconian (Depths:4)
  A spriggan zombie (Crypt:3)
  A deep elf knight (Crypt:2)
  A skeletal warrior (Crypt:3)
  2 large abominations (Depths:4)
  A deep troll (Depths:4)
  2 deep elf archers (Crypt:3)
  A spriggan simulacrum (Crypt:2)
  5 phantasmal warriors (Crypt:3)
  2 deep elf zephyrmancers
  2 deep elf pyromancers
  An alligator snapping turtle zombie (Crypt:3)
  A harpy zombie (Crypt:3)
  A hydra zombie (Crypt:3)
  A merfolk zombie (Crypt:3)
  2 chaos spawn (Depths:4)
  A harpy simulacrum (Crypt:2)
  2 small abominations (Depths:4)
  2 necrophages (Crypt:3)
  3 jellies (Zot:3)
43 creatures vanquished.

Vanquished Creatures (others)
  A deep elf knight (Elf:1)
  A pharaoh ant (Spider:4)
  A goliath frog (Swamp:2)
  A deep elf zephyrmancer (Elf:1)
  3 deep elf archers
  2 deep elf pyromancers
  An anaconda simulacrum (Crypt:2)
  A bloated husk (Swamp:4)
  An air elemental (Elf:1)
  A jelly (Zot:3)
  An orc (Orc:2)
  26 foxfires
  20 starspawn tentacles
60 creatures vanquished.

Grand Total: 2275 creatures vanquished

Notes
Turn   | Place    | Note
-------+----------+-------------------------------------------
     0 | D:1      | hackum the Troll Fighter began the quest for the Orb.
     0 | D:1      | Reached XP level 1. HP: 22/22 MP: 0/0
   161 | D:1      | Reached XP level 2. HP: 29/29 MP: 1/1
   432 | D:1      | Reached XP level 3. HP: 36/36 MP: 2/2
  1147 | D:2      | Found Zytomp's Weapon Shop.
  1499 | D:2      | Reached skill level 3 in Unarmed Combat
  1747 | D:3      | Noticed Sigmund
  1767 | D:3      | Killed Sigmund
  1768 | D:3      | Reached skill level 4 in Unarmed Combat
  1768 | D:3      | Reached XP level 4. HP: 7/45 MP: 3/3
  1768 | D:3      | Reached XP level 5. HP: 8/53 MP: 4/4
  1864 | D:3      | You fall into a shaft and drop 1 floor!
  1903 | D:4      | Reached XP level 6. HP: 42/61 MP: 5/5
  1911 | D:4      | Found a sparkling altar of Nemelex Xobeh.
  1917 | D:4      | Identified the +1 trident of Conflict {freeze, rElec rPois}
  2060 | D:3      | Found a snail-covered altar of Cheibriados.
  2407 | D:3      | Found an opulent altar of Gozag.
  2875 | D:4      | Found a staircase to the Ecumenical Temple.
  2918 | Temple   | Entered the Ecumenical Temple
  3171 | D:5      | Entered Level 5 of the Dungeon
  3263 | D:5      | Reached skill level 5 in Unarmed Combat
  3267 | D:5      | Reached XP level 7. HP: 20/68 MP: 6/6
  3335 | D:5      | Noticed Ijyb
  3340 | D:5      | Killed Ijyb
  3378 | D:5      | Found a hazy altar of Hepliaklqana.
  3419 | D:6      | Found an iron altar of Okawaru.
  3432 | D:6      | Became a worshipper of Warmaster Okawaru
  3509 | D:6      | Reached skill level 6 in Unarmed Combat
  3512 | D:6      | Found a glowing drain.
  3517 | Sewer    | Entered a sewer
  3552 | Sewer    | Reached XP level 8. HP: 76/78 MP: 7/7
  4026 | D:6      | Found Duapla Hipa's Tremendous Tomes.
  4136 | D:6      | Reached * piety under Okawaru
  4215 | D:6      | Noticed Blork the orc
  4215 | D:6      | Noticed Eustachio
  4266 | D:5      | Reached skill level 1 in Armour
  4266 | D:5      | Reached skill level 5 in Shields
  4919 | D:6      | Identified the staff of Grandeur {rPois rC+ Dex+2 Earth}
  5007 | D:6      | Killed Eustachio
  5008 | D:6      | Reached skill level 7 in Unarmed Combat
  5289 | D:6      | Killed Blork the orc
  5296 | D:6      | Reached XP level 9. HP: 85/87 MP: 8/8
  5334 | D:6      | Reached ** piety under Okawaru
  5335 | D:6      | Reached skill level 5 in Fighting
  5389 | D:7      | Reached skill level 5 in Dodging
  5433 | D:7      | Reached skill level 8 in Unarmed Combat
  5436 | D:7      | Found a flagged portal.
  5453 | Bailey   | Entered a bailey
  5591 | Bailey   | Noticed an orc knight
  5638 | Bailey   | Killed an orc knight
  5866 | D:7      | Gained mutation: Armour fits poorly on your strangely
                  | shaped body. [potion of mutation]
  5866 | D:7      | Gained mutation: Your movements are slightly less
                  | encumbered by armour. (ER -2) [potion of mutation]
  5866 | D:7      | Gained mutation: You are dopey. (Int -2) [potion of
                  | mutation]
  5866 | D:7      | Gained mutation: You are strong-willed. (Will+) [potion of
                  | mutation]
  5931 | D:7      | Reached skill level 5 in Armour
  5931 | D:7      | Reached skill level 10 in Unarmed Combat
  5931 | D:7      | Reached XP level 10. HP: 100/100 MP: 9/9
  5981 | D:7      | Paralysed by a hornet for 3 turns
  6146 | D:7      | Paralysed by a hornet for 3 turns
  6551 | D:7      | Found a shimmering blue altar of Sif Muna.
  6563 | D:7      | Found an ancient bone altar of Kikubaaqudgha.
  6570 | D:7      | Found a radiant altar of Vehumet.
  6877 | D:8      | Lost mutation: You are strong-willed. (Will+) [potion of
                  | mutation]
  6877 | D:8      | Lost mutation: You are dopey. (Int -2) [potion of mutation]
  6877 | D:8      | Lost mutation: Your movements are slightly less encumbered
                  | by armour. (ER -2) [potion of mutation]
  6877 | D:8      | Gained mutation: You have very sharp teeth. [potion of
                  | mutation]
  6877 | D:8      | Gained mutation: You passively dampen the noise of your
                  | surroundings. [potion of mutation]
  6884 | D:8      | Reached *** piety under Okawaru
  6928 | D:8      | Found a glowing silver altar of Zin.
  6974 | D:8      | Reached XP level 11. HP: 106/107 MP: 10/10
  7209 | D:8      | Found a staircase to the Lair.
  7648 | D:9      | Found a staircase to the Orcish Mines.
  7916 | D:9      | Reached **** piety under Okawaru
  8007 | D:9      | Reached skill level 11 in Unarmed Combat
  8274 | D:10     | Entered Level 10 of the Dungeon
  8462 | D:10     | Noticed a two-headed ogre
  8476 | D:10     | Killed a two-headed ogre
  8521 | D:10     | Reached ***** piety under Okawaru
  8565 | D:10     | Found a sacrificial altar of Ru.
  8716 | D:10     | Noticed a stone giant
  8741 | D:10     | Killed a stone giant
  8848 | Lair:1   | Entered Level 1 of the Lair of Beasts
  8881 | Lair:1   | Reached skill level 12 in Unarmed Combat
  9025 | Lair:1   | Identified 3 scrolls of acquirement
  9026 | Lair:1   | Acquired the ring "Ago Pokerouw" {rElec rC+ rCorr Int+2
                  | Stlth+}
  9027 | Lair:1   | Acquired a manual of Fighting
  9028 | Lair:1   | Acquired a manual of Dodging
  9109 | Lair:1   | Reached XP level 12. HP: 118/118 MP: 11/11
  9158 | Lair:1   | Received a gift from Okawaru
  9844 | Lair:2   | Noticed an eight-headed hydra
  9884 | Lair:2   | Noticed Erica
 10239 | Lair:3   | Reached ****** piety under Okawaru
 10240 | Lair:3   | Acquired the +1 shadow dragon scales of Divine New
                  | Discoveries {rCorr Dex+5 Stlth++++}
 10240 | Lair:3   | Received a gift from Okawaru
 10261 | Lair:3   | Found a hole to the Spider Nest.
 10347 | Lair:3   | Received a gift from Okawaru
 10348 | Lair:3   | Acquired the +5 lajatang "Suenaoti" {antimagic, rPois rN+}
 10348 | Lair:3   | Received a gift from Okawaru
 10381 | Lair:3   | Noticed a five-headed hydra
 10393 | Lair:3   | Killed a ten-headed hydra
 10810 | Lair:3   | Lost mutation: You have very sharp teeth. [potion of
                  | mutation]
 10810 | Lair:3   | Lost mutation: You passively dampen the noise of your
                  | surroundings. [potion of mutation]
 10810 | Lair:3   | Gained mutation: You heal very quickly. [potion of
                  | mutation]
 10810 | Lair:3   | Gained mutation: You have a pair of small horns on your
                  | head. [potion of mutation]
 10810 | Lair:3   | Gained mutation: You are partially covered in iridescent
                  | scales. (AC +2) [potion of mutation]
 10810 | Lair:3   | Gained mutation: You are partially covered in large bone
                  | plates. (SH +4) [potion of mutation]
 10811 | Lair:3   | Lost mutation: You are partially covered in large bone
                  | plates. (SH +4) [potion of mutation]
 10811 | Lair:3   | Lost mutation: You are partially covered in iridescent
                  | scales. (AC +2) [potion of mutation]
 10811 | Lair:3   | Lost mutation: You heal very quickly. [potion of mutation]
 10811 | Lair:3   | Gained mutation: You expend magic power (3 MP) to
                  | strengthen your wands. [potion of mutation]
 10811 | Lair:3   | Gained mutation: You have a somewhat thin skeletal
                  | structure. (Dex +2, Stealth+) [potion of mutation]
 10811 | Lair:3   | Gained mutation: You occasionally shout uncontrollably at
                  | your foes. [potion of mutation]
 10857 | Lair:4   | Reached skill level 13 in Unarmed Combat
 10865 | Lair:4   | Acquired the +1 cloak of Starlight {*Dazzle EV+4 Stlth--}
 10865 | Lair:4   | Found the +1 cloak of Starlight {*Dazzle EV+4 Stlth--}
 10911 | Lair:4   | Acquired the ring of Unet {rPois Will++ Int+3}
 11011 | Lair:4   | You fall into a shaft and drop 1 floor!
 11011 | Lair:5   | Entered Level 5 of the Lair of Beasts
 11059 | Lair:5   | Acquired 793 gold pieces
 11102 | Lair:5   | Noticed a boulder beetle
 11212 | Lair:5   | Reached XP level 13. HP: 110/131 MP: 9/12
 11253 | Lair:5   | Received a gift from Okawaru
 11271 | Lair:5   | Reached skill level 1 in Invocations
 11608 | Lair:5   | Identified the +4 sling "Cuiptiar" {flame, rC+ Stlth+}
 11782 | Lair:4   | Received a gift from Okawaru
 11896 | Lair:4   | Reached skill level 14 in Unarmed Combat
 11976 | Lair:4   | Reached skill level 10 in Fighting
 12205 | Lair:5   | Received a gift from Okawaru
 12813 | Lair:5   | Found a staircase to the Slime Pits.
 12979 | Lair:2   | Killed Erica
 12986 | Lair:2   | Reached skill level 10 in Shields
 13051 | Lair:2   | Identified the +5 chain mail of Vexation {rN++ Dex-3}
 13097 | Lair:2   | Received a gift from Okawaru
 13207 | Lair:2   | Reached XP level 14. HP: 144/144 MP: 15/15
 13309 | Lair:2   | Found a staircase to the Swamp.
 13902 | Orc:1    | Entered Level 1 of the Orcish Mines
 13907 | Orc:1    | Noticed Erolcha
 13918 | Orc:1    | Killed Erolcha
 13957 | Orc:1    | Found a dark tunnel.
 13969 | Volcano  | Entered a volcano
 14362 | Orc:1    | Noticed Fannar
 14401 | Orc:1    | Killed Fannar
 14688 | Orc:2    | Entered Level 2 of the Orcish Mines
 14822 | Orc:2    | Reached skill level 10 in Dodging
 14829 | Orc:2    | Received a gift from Okawaru
 14848 | Orc:2    | Found a flickering gateway to a bazaar.
 14858 | Bazaar   | Entered a bazaar
 14885 | Bazaar   | Found Qalofyzu's Armour Emporium.
 14885 | Bazaar   | Found Hefamauq's Assorted Antiques.
 14907 | Bazaar   | Found Hegacerph's Antique Armour Emporium.
 14923 | Bazaar   | Found Axzoumm's Weapon Emporium.
 14978 | Bazaar   | Bought a runed hat for 182 gold pieces
 15011 | Bazaar   | Bought a transparent graven amulet for 165 gold pieces
 15011 | Bazaar   | Identified the amulet of Byamminn {-Tele Regen+ Str+4 SInv}
                  | (You bought it in a shop in a bazaar)
 15021 | Bazaar   | Bought a potion of might for 132 gold pieces
 15021 | Bazaar   | Bought a scroll labelled CIUFOI PEMEN for 33 gold pieces
 15021 | Bazaar   | Bought a scroll labelled JIBEUM KICIOLO for 33 gold pieces
 15021 | Bazaar   | Bought a scroll of identify for 66 gold pieces
 15176 | Orc:2    | Found a staircase to the Elven Halls.
 15183 | Orc:2    | Reached skill level 15 in Unarmed Combat
 15306 | Orc:2    | Found Kirul's Weapon Emporium.
 15445 | Orc:2    | Reached skill level 5 in Invocations
 15451 | Orc:2    | Found Xoyb's Jewellery Shoppe.
 15465 | Orc:2    | Found Boyrpho's Jewellery Boutique.
 15470 | Orc:2    | Found Zuvefoosch's Assorted Antiques.
 15485 | Orc:2    | Received a gift from Okawaru
 15520 | Orc:2    | Bought a scroll of identify for 56 gold pieces
 15520 | Orc:2    | Bought a potion of mutation for 224 gold pieces
 15520 | Orc:2    | Bought a lumpy clear potion for 25 gold pieces
 15521 | Orc:2    | Lost mutation: You have a somewhat thin skeletal structure.
                  | (Dex +2, Stealth+) [potion of mutation]
 15521 | Orc:2    | Lost mutation: You occasionally shout uncontrollably at
                  | your foes. [potion of mutation]
 15521 | Orc:2    | Lost mutation: You expend magic power (3 MP) to strengthen
                  | your wands. [potion of mutation]
 15521 | Orc:2    | Gained mutation: Your spells are a little easier to cast,
                  | but a little less powerful. [potion of mutation]
 15521 | Orc:2    | Gained mutation: You are clumsy. (Dex -2) [potion of
                  | mutation]
 16120 | D:11     | Received a gift from Okawaru
 16145 | D:11     | Reached XP level 15. HP: 156/156 MP: 17/17
 16244 | D:11     | Noticed Amaemon
 16262 | D:11     | Killed Amaemon
 17100 | D:12     | Noticed Snorg
 17111 | D:12     | Killed Snorg
 17482 | D:13     | Noticed Urug
 17491 | D:13     | Killed Urug
 17565 | D:13     | Noticed Sonja
 17575 | D:13     | Killed Sonja
 17647 | D:13     | Received a gift from Okawaru
 17647 | D:13     | Noticed Nessos
 17661 | D:13     | Killed Nessos
 17676 | D:13     | Reached skill level 16 in Unarmed Combat
 17693 | D:13     | Noticed Frances
 17703 | D:13     | Killed Frances
 17721 | D:13     | Lost mutation: You are clumsy. (Dex -2) [potion of
                  | mutation]
 17721 | D:13     | Lost mutation: You have a pair of small horns on your head.
                  | [potion of mutation]
 17721 | D:13     | Lost mutation: Your spells are a little easier to cast, but
                  | a little less powerful. [potion of mutation]
 17721 | D:13     | Gained mutation: You are weak. (Str -2) [potion of
                  | mutation]
 17722 | D:13     | Lost mutation: Armour fits poorly on your strangely shaped
                  | body. [potion of mutation]
 17722 | D:13     | Lost mutation: You are weak. (Str -2) [potion of mutation]
 17722 | D:13     | Gained mutation: Your spells are a little easier to cast,
                  | but a little less powerful. [potion of mutation]
 17722 | D:13     | Gained mutation: You are agile. (Dex +4, Str/Int -1)
                  | [potion of mutation]
 17722 | D:13     | Lost mutation: You are agile. (Dex +4, Str/Int -1) [potion
                  | of mutation]
 17722 | D:13     | Gained mutation: You are somewhat resistant to further
                  | mutation. [potion of mutation]
 18601 | D:14     | Found an ancient bone altar of Kikubaaqudgha.
 18625 | D:14     | Received a gift from Okawaru
 18662 | D:14     | Found a gate to the Vaults.
 18674 | D:14     | Noticed Jorgrun
 18691 | D:14     | Reached skill level 10 in Armour
 18693 | D:14     | Killed Jorgrun
 19126 | D:15     | Entered Level 15 of the Dungeon
 19207 | D:15     | Received a gift from Okawaru
 19215 | D:15     | Reached XP level 16. HP: 157/167 MP: 13/19
 19408 | D:15     | Found a blossoming altar of Fedhas.
 19510 | D:15     | Found a staircase to the Depths.
 19952 | Spider:1 | Entered Level 1 of the Spider Nest
 19952 | Spider:1 | Identified the serpent talisman of Atheism {+Blink MP-9
                  | Dex+5}
 19952 | Spider:1 | Noticed Aizul
 19971 | Spider:1 | Killed Aizul
 19973 | Spider:1 | Noticed Rupert
 20015 | Spider:1 | Killed Rupert
 20413 | Spider:1 | Reached skill level 17 in Unarmed Combat
 20594 | Spider:1 | Noticed Kirke
 20616 | Spider:1 | Killed Kirke
 21068 | Spider:1 | Received a gift from Okawaru
 22265 | Spider:3 | Received a gift from Okawaru
 22522 | Spider:3 | Reached XP level 17. HP: 178/178 MP: 21/21
 22852 | Spider:4 | Entered Level 4 of the Spider Nest
 22909 | Spider:4 | Noticed Asterion
 22944 | Spider:4 | Killed Asterion
 23003 | Spider:4 | Paralysed by a jorogumo for 3 turns
 23149 | Spider:4 | Noticed Mara
 23167 | Spider:4 | Noticed hackum's illusion
 23417 | Spider:4 | Received a gift from Okawaru
 23492 | Spider:4 | Reached skill level 1 in Throwing
 24017 | Spider:4 | Reached skill level 18 in Unarmed Combat
 24172 | Arena    | Entered the Arena
 24176 | Arena    | Noticed hackum's illusion
 24183 | Arena    | Killed Mara
 24267 | Spider:4 | Noticed Arachne
 24293 | Spider:4 | Killed Arachne
 24405 | Spider:4 | Reached XP level 18. HP: 188/188 MP: 2/23
 24723 | Spider:4 | Got a gossamer rune of Zot
 25076 | Elf:1    | Entered Level 1 of the Elven Halls
 25149 | Elf:1    | You fall into a shaft and drop 1 floor!
 25155 | Abyss:2  | Cast into level 2 of the Abyss (+4 bardiche of distortion)
 25252 | Abyss:2  | Noticed a bone dragon
 25264 | Abyss:2  | Found a corrupted altar of Lugonu.
 25289 | Abyss:2  | Killed a bone dragon
 25294 | Abyss:2  | Noticed a profane servitor
 25322 | Abyss:2  | Killed a profane servitor
 25569 | Abyss:3  | Found a corrupted altar of Lugonu.
 25687 | Elf:2    | Escaped the Abyss
 25695 | Elf:2    | Reached XP level 19. HP: 160/187 MP: 20/24
 25935 | Elf:1    | Paralysed by an air elemental for 1 turns
 25941 | Elf:1    | Paralysed by an air elemental for 1 turns
 26167 | Elf:1    | Received a gift from Okawaru
 26209 | Elf:1    | Paralysed by an air elemental for 1 turns
 26211 | Elf:1    | Paralysed by an air elemental for 1 turns
 26214 | Elf:1    | Paralysed by an air elemental for 1 turns
 26673 | Elf:1    | Lost mutation: Your spells are a little easier to cast, but
                  | a little less powerful. [potion of mutation]
 26673 | Elf:1    | Lost mutation: You are somewhat resistant to further
                  | mutation. [potion of mutation]
 26673 | Elf:1    | Gained mutation: You have hidden genetic potential. [potion
                  | of mutation]
 26673 | Elf:1    | Gained mutation: You have great hidden genetic potential.
                  | [potion of mutation]
 26673 | Elf:1    | Lost mutation: You have great hidden genetic potential.
                  | [potion of mutation]
 27009 | Elf:2    | Found Eneetiel's Antique Armour Emporium.
 27108 | Elf:2    | Reached skill level 19 in Unarmed Combat
 27340 | Elf:3    | Entered Level 3 of the Elven Halls
 27385 | Elf:3    | Identified the amulet "Wachytty" {RegenMP rElec Str+3}
 27661 | Elf:3    | Noticed a Brimstone Fiend
 28161 | Elf:3    | Received a gift from Okawaru
 28409 | Elf:3    | Identified the +4 glaive "Tatev" {flame, *Rage rN+ Dex+4}
 28409 | Elf:3    | Identified the +5 robe of Caesour {rF+++ rN+++ Str-4 Int-4}
 28409 | Elf:3    | Noticed Louise
 28420 | Elf:3    | Killed Louise
 28448 | Elf:3    | Identified the staff of Ad Valorem {Fragile rC+ Int+3 Dex+7
                  | Stlth- Ice}
 28463 | Elf:3    | Got Leimoico's Volume of the Reshaped Syncline
 28480 | Elf:3    | Identified the +0 battleaxe "Gesed" {flame, rElec}
 28485 | Elf:3    | Identified the staff "Hellblazer" {rC+ Int+2 Ice}
 28527 | Elf:3    | Identified the +0 robe of Lugonu {-Cast rN+ Dex+3}
 28548 | Elf:3    | Identified the +5 halberd of Xom {spect, rF+ Str+4}
 28557 | Elf:3    | Got Sif Muna's Directory of Evolving Detritus
 29002 | Swamp:1  | Entered Level 1 of the Swamp
 29627 | Swamp:2  | Received a gift from Okawaru
 29912 | Swamp:2  | Reached XP level 20. HP: 190/208 MP: 25/25
 31218 | Swamp:4  | Entered Level 4 of the Swamp
 31282 | Swamp:4  | Gained mutation: You expend magic power (3 MP) to
                  | strengthen your wands. [hidden potential]
 31378 | Swamp:4  | Acquired the +1 cloak of the Comet {rElec rPois Int+6
                  | Dex-2}
 31641 | Swamp:4  | Received a gift from Okawaru
 32082 | Swamp:4  | Got a decaying rune of Zot
 32387 | Vaults:1 | Entered Level 1 of the Vaults
 32394 | Vaults:1 | Reached skill level 15 in Fighting
 32497 | Vaults:1 | Found a magical portal.
 32502 | WizLab   | Entered Lehudib's Moon Base
 32565 | WizLab   | Reached skill level 20 in Unarmed Combat
 32569 | WizLab   | Found a transporter.
 32602 | WizLab   | Reached skill level 15 in Shields
 32791 | WizLab   | Gained mutation: You are resistant to electric shocks.
                  | (rElec) [a cacodemon]
 32792 | WizLab   | Gained mutation: Your magical capacity is low. (-10% MP) [a
                  | cacodemon]
 32793 | WizLab   | Gained mutation: You occasionally lose the ability to drink
                  | potions when taking damage. [a cacodemon]
 32870 | WizLab   | Found a transporter.
 33140 | WizLab   | Received a gift from Okawaru
 33599 | WizLab   | Gained mutation: You have a pair of small antennae on your
                  | head. [a cacodemon]
 33708 | WizLab   | Identified the +12 plate armour of the Freezing God {rC+++
                  | Regen+ Str+3 Int-5}
 33710 | WizLab   | Identified the ring of the Oligarchy {rCorr Stlth+}
 33749 | WizLab   | Got Lehudib's Writings on the Conjured Quarry
 33849 | WizLab   | Identified the ring "Merosor" {Ice Slay+3}
 34204 | Vaults:1 | Reached XP level 21. HP: 217/219 MP: 24/24
 35158 | Vaults:2 | Reached skill level 21 in Unarmed Combat
 35277 | Vaults:2 | Gained mutation: Your spells are a little harder to cast,
                  | but a little more powerful. [hidden potential]
 35277 | Vaults:2 | Lost mutation: You have hidden genetic potential. [hidden
                  | potential expressed]
 35413 | Vaults:2 | Received a gift from Okawaru
 35569 | Vaults:2 | Found Jesesa's Weapon Shop.
 35874 | Vaults:2 | Found a staircase to the Crypt.
 35874 | Vaults:2 | Found a basalt altar of Yredelemnul.
 35874 | Vaults:2 | Found an ancient bone altar of Kikubaaqudgha.
 36285 | Vaults:3 | Received a gift from Okawaru
 36684 | Vaults:3 | Received a gift from Okawaru
 37067 | Vaults:3 | Reached skill level 15 in Armour
 37371 | Vaults:3 | Reached XP level 22. HP: 231/231 MP: 25/25
 37549 | Vaults:4 | Found Pigem's Weapon Shoppe.
 37717 | Vaults:4 | Received a gift from Okawaru
 38093 | Vaults:4 | Noticed Margery
 38109 | Vaults:4 | Killed Margery
 38109 | Vaults:4 | Received a gift from Okawaru
 38449 | Vaults:4 | Noticed Donald
 38453 | Vaults:4 | Killed Donald
 38461 | Vaults:4 | Noticed Norris
 38489 | Vaults:4 | Killed Norris
 38641 | Vaults:4 | Found Qowkesmi's Antique Weapon Emporium.
 38690 | Vaults:4 | Received a gift from Okawaru
 38911 | Vaults:5 | Entered Level 5 of the Vaults
 39031 | Vaults:4 | Reached skill level 22 in Unarmed Combat
 39172 | Vaults:5 | Noticed Xtahua
 39182 | Vaults:5 | Killed Xtahua
 39433 | Vaults:5 | Reached XP level 23. HP: 241/241 MP: 23/25
 39451 | Vaults:5 | Noticed an ancient lich
 39464 | Vaults:5 | Killed an ancient lich
 39559 | Vaults:5 | Noticed an ancient lich
 39572 | Vaults:5 | Killed an ancient lich
 39636 | Vaults:5 | Reached skill level 15 in Dodging
 39645 | Vaults:5 | Received a gift from Okawaru
 39675 | Vaults:5 | Noticed a dread lich
 39704 | Vaults:5 | Killed a dread lich
 40003 | Vaults:5 | Identified the +8 dagger of the Irksome God {holy, rPois
                  | rN+ Will+}
 40132 | Vaults:5 | Lost mutation: You expend magic power (3 MP) to strengthen
                  | your wands. [potion of mutation]
 40132 | Vaults:5 | Lost mutation: Your magical capacity is low. (-10% MP)
                  | [potion of mutation]
 40132 | Vaults:5 | Lost mutation: You are resistant to electric shocks.
                  | (rElec) [potion of mutation]
 40132 | Vaults:5 | Gained mutation: You are weak. (Str -2) [potion of
                  | mutation]
 40133 | Vaults:5 | Lost mutation: You occasionally lose the ability to drink
                  | potions when taking damage. [potion of mutation]
 40133 | Vaults:5 | Lost mutation: You are weak. (Str -2) [potion of mutation]
 40133 | Vaults:5 | Gained mutation: You occasionally shout uncontrollably at
                  | your foes. [potion of mutation]
 40133 | Vaults:5 | Gained mutation: You frequently scream uncontrollably at
                  | your foes. [potion of mutation]
 40133 | Vaults:5 | Gained mutation: You occasionally lose the ability to drink
                  | potions when taking damage. [potion of mutation]
 40133 | Vaults:5 | Gained mutation: You expend magic power (3 MP) to
                  | strengthen your wands. [potion of mutation]
 40134 | Vaults:5 | Lost mutation: You expend magic power (3 MP) to strengthen
                  | your wands. [potion of mutation]
 40134 | Vaults:5 | Lost mutation: Your spells are a little harder to cast, but
                  | a little more powerful. [potion of mutation]
 40134 | Vaults:5 | Gained mutation: Armour fits poorly on your strangely
                  | shaped body. [potion of mutation]
 40134 | Vaults:5 | Gained mutation: You have large cloven feet. [potion of
                  | mutation]
 40134 | Vaults:5 | Gained mutation: You have a pair of antennae on your head.
                  | [potion of mutation]
 40135 | Vaults:5 | Lost mutation: You frequently scream uncontrollably at your
                  | foes. [potion of mutation]
 40135 | Vaults:5 | Lost mutation: You have a pair of antennae on your head.
                  | [potion of mutation]
 40135 | Vaults:5 | Lost mutation: Armour fits poorly on your strangely shaped
                  | body. [potion of mutation]
 40135 | Vaults:5 | Lost mutation: You have a pair of small antennae on your
                  | head. [potion of mutation]
 40135 | Vaults:5 | Gained mutation: You have hoof-like feet. [potion of
                  | mutation]
 40135 | Vaults:5 | Gained mutation: You are strong-willed. (Will+) [potion of
                  | mutation]
 40136 | Vaults:5 | Lost mutation: You are strong-willed. (Will+) [potion of
                  | mutation]
 40136 | Vaults:5 | Lost mutation: You have hoof-like feet. [potion of
                  | mutation]
 40136 | Vaults:5 | Gained mutation: You possess an exceptional clarity of
                  | mind. [potion of mutation]
 40136 | Vaults:5 | Gained mutation: Your spells are a little easier to cast,
                  | but a little less powerful. [potion of mutation]
 40136 | Vaults:5 | Gained mutation: You are strong-willed. (Will+) [potion of
                  | mutation]
 40136 | Vaults:5 | Gained mutation: You are partially covered in iridescent
                  | scales. (AC +2) [potion of mutation]
 40386 | Vaults:5 | Got a silver rune of Zot
 40430 | Vaults:5 | Received a gift from Okawaru
 41221 | Temple   | Fell from the grace of Okawaru
 41221 | Temple   | Became a worshipper of the Shining One
 41546 | Crypt:1  | Entered Level 1 of the Crypt
 41577 | Crypt:1  | Reached * piety under the Shining One
 41642 | Crypt:1  | Reached ** piety under the Shining One
 41862 | Crypt:1  | Reached *** piety under the Shining One
 41935 | Crypt:1  | Reached **** piety under the Shining One
 42296 | Crypt:1  | Reached ***** piety under the Shining One
 42629 | Crypt:2  | Noticed Vv
 42671 | Crypt:2  | Killed Vv
 43006 | Crypt:2  | Reached ****** piety under the Shining One
 43152 | Crypt:2  | Identified the ring of Tidghoeh {Ice rElec rCorr Str-4
                  | SInv}
 43152 | Crypt:2  | Noticed Josephina
 43168 | Crypt:2  | Killed Josephina
 43552 | Crypt:3  | Entered Level 3 of the Crypt
 43593 | Crypt:3  | Reached XP level 24. HP: 253/253 MP: 29/29
 44210 | Crypt:3  | Found a basalt altar of Yredelemnul.
 44232 | Crypt:3  | Reached skill level 10 in Invocations
 44434 | Crypt:3  | Got the Treatise on the Quake and Locality
 44510 | Crypt:3  | Got the Papyrus of Battling
 44657 | Crypt:3  | Found a staircase to the Tomb.
 44657 | Crypt:3  | Noticed a royal mummy
 44671 | Crypt:3  | Killed a royal mummy
 44868 | Crypt:3  | Identified the +0 ring mail of Fedhas's Esteem {Dex+2
                  | Stlth+}
 45256 | Depths:1 | Entered Level 1 of the Depths
 45520 | Depths:1 | Found a one-way gate to the infinite horrors of the Abyss.
 45920 | Depths:1 | Found a sparkling altar of Nemelex Xobeh.
 46010 | Depths:1 | Found a gateway to Hell.
 46566 | Depths:2 | You fall into a shaft and drop 2 floors!
 46566 | Depths:4 | Entered Level 4 of the Depths
 46609 | Depths:4 | Found a one-way gateway to a ziggurat.
 47109 | Depths:4 | Found a gate to the Realm of Zot.
 47133 | Depths:4 | Reached skill level 23 in Unarmed Combat
 47830 | Zot:1    | Entered Level 1 of the Realm of Zot
 47980 | Zot:1    | Reached XP level 25. HP: 263/263 MP: 29/30
 48010 | Zot:1    | Identified the amulet "Ilaitwiv" {Faith Fly rC+ Stlth+}
 48603 | Zot:1    | Found an ancient bone altar of Kikubaaqudgha.
 48689 | Zot:1    | Was forgiven by Okawaru
 49354 | Zot:2    | Noticed an orb of fire
 50236 | Zot:3    | HP: 7/265 [purple draconian/bolt of dispelling energy (34)]
 50236 | Zot:3    | Killed from afar by a yellow draconian shifter

Illustrated notes

Levels and vault maps discovered:
D:1:      dpeg_arrival_shrine, layout_basic, minmay_rat_gold_closets
D:2:      layout_loops_ring, serial_shops, shop
D:3:      layout_basic, mainiacjoe_overflow_alcove_4, grunt_gozag_statues,
          uniq_sigmund
D:4:      layout_cave_pools, lemuel_round_altar, minmay_temple_entry_crystal_x
D:5:      layout_gridville, nicolae_hepliaklqana_monster_ancestors, uniq_ijyb
D:6:      layout_loops_corners, okawaru_ov_weapons_minmay,
          mainiacjoe_sewer_entry_somewhere_in_here_2,
          nicolae_shop_i_like_big_books, sword_in_stone
D:7:      layout_loops_ring, palyth_temple_overflow_mages, serial_bayou,
          serial_bayou_pond_d, serial_bayou_pond_b, serial_bayou_shore_a,
          serial_bayou_crossing, enter_bailey_3, grunt_ministairs_13
D:8:      layout_loops_ring, zin_academy, dpeg_oklobed_lair
D:9:      layout_roguey, orc_0_dummy
D:10:     minmay_the_grid_3x2 [minmay_the_grid_spikes, minmay_the_grid_expand,
          minmay_the_grid_eight, minmay_the_grid_minigrid_medium,
          minmay_the_grid_x, minmay_the_grid_prize_inner_circle], layout_rooms,
          nicolae_ru_great_annihilating_truth
D:11:     layout_loops_ring, uniq_amaemon
D:12:     layout_long_grid, uniq_snorg
D:13:     layout_loops_ring, uniq_nessos, uniq_urug, uniq_sonja, uniq_frances
D:14:     layout_loops_ring, david_vaults_2,
          nicolae_kikubaaqudgha_miasma_corner, uniq_jorgrun
D:15:     grunt_enter_depths_magical_seal, layout_cave_pools, fedhas_altar_2
Temple:   nicolae_temple_godzebo
Lair:1:   beast_lair_carwin_large_4, layout_long_grid
Lair:2:   layout_cave_pods, skrybe_swamp_entry_bodies, st_stairs_13,
          guppyfry_lair_drakes, uniq_erica
Lair:3:   layout_loops_ring, nicolae_spider_entry_tight_spaces,
          infiniplex_staircase_pool_2
Lair:4:   layout_concentric_octagons, grunt_megastairs_2, serial_bayou_shore_b,
          lemuel_fruit_fields, infiniplex_staircase_pool, serial_bayou_shore_b
Lair:5:   hangedman_lair_caniforms_friends, layout_regular_city,
          minmay_slime_entry_oklob_enclosed, serial_bayou_shore_b
Swamp:1:  layout_basic_swamp, evilmike_swamp_ruin_house_5
Swamp:2:  layout_basic_swamp, serial_swamp_ruin, evilmike_swamp_ruin_house_2,
          hangedman_swamp_ruin_hall, nicolae_swamp_long_stream
Swamp:3:  layout_falls_marsh, hangedman_swamp_ruin_wall,
          nicolae_swamp_very_dense_foliage, swamp_pool_1_2,
          nicolae_swamp_spooky_pond, nicolae_swamp_decorative_isthmus
Swamp:4:  swamp_icy, layout_basic_swamp
Spider:1: layout_cave_pods, uniq_kirke, uniq_aizul, uniq_rupert
Spider:2: layout_spider_delve, nicolae_spider_swamp_cousins
Spider:3: layout_cave_pods
Spider:4: johnstein_spider_rune_arachne_lair, guppyfry_hornet_nest,
          uniq_asterion, uniq_mara
Orc:1:    layout_diamond_mine, basic_altar, nicolae_volcano_entry_lava_flow,
          nicolae_orc_flooded_monolith, uniq_fannar, uniq_erolcha
Orc:2:    st_orc_open, layout_caves, serial_shops, bzr_firewalk,
          nicolae_orc_sculptors_studio
Elf:1:    eino_elf_arrival_shootout, layout_gridlike,
          portal_desolation_entry_garden, minivault_28,
          minmay_misc_feat_columns, minivault_16
Elf:2:    elven_hall_of_blades_hangedman_alternative
          [nicolae_blade_entry_floor_patterns], layout_geoelf_diagonals,
          serial_shops, nicolae_shop_back_alley_shop
Elf:3:    minmay_elf_hall, layout_onion_city, uniq_louise
Vaults:1: mu_enter_wizlab_2, ontoclasm_vaults_decontamination,
          nicolae_vaults_storage_room_water, v_pattern_1,
          nicolae_vaults_little_guard_posts, nicolae_vaults_little_squares_3,
          v_misc_19, layout_vaults_quadrants
Vaults:2: v_pattern_2, nicolae_vaults_network_quinsquares
          [nicolae_vaults_network_quincunx_subvault,
          nicolae_vaults_network_quincunx_subvault,
          nicolae_vaults_network_quincunx_subvault,
          nicolae_vaults_network_quincunx_subvault], st_smaller_cells,
          minmay_crypt_entry_necro_gods, vaults_room_fours, v_misc_2,
          v_alt_pattern_3, v_misc_14, nicolae_vaults_tetromino_L_2,
          layout_vaults_omnicross, serial_shops, nicolae_diamond_shop
Vaults:3: nicolae_vaults_security_offices_4,
          nicolae_vaults_door_testing_chamber, v_alt_pattern_1,
          nicolae_vaults_storage_closets_2, hangedman_vaults_stagger,
          hangedman_vaults_corner, v_rooms_3, nicolae_vaults_trapezoid_layered,
          vaults_dpeg_doors, vaults_mumra_chevron, nicolae_vaults_tetromino_T_2,
          vaults_room_stairs_pillars, layout_vaults_omnibox
Vaults:4: nicolae_vaults_disjoint_gnomons,
          nicolae_vaults_taking_the_gang_shopping,
          nicolae_vaults_more_shelving_2, nicolae_vaults_theta, v_misc_15,
          nicolae_vaults_windows_and_doors_thing,
          nicolae_vaults_trapezoid_lopsided_4, hangedman_vaults_nodes,
          hangedman_vaults_capsules, nicolae_vaults_holding_cells,
          vaults_room_semicircle, vaults_room_hallway, layout_vaults_maze_bifur,
          serial_shops, nicolae_shop_back_alley_shop, uniq_norris, uniq_donald,
          uniq_margery
Vaults:5: serial_shops, uniq_xtahua
Crypt:1:  layout_regular_city, grunt_crypt_arrival_guarded_gate,
          grunt_megastairs_3
Crypt:2:  layout_chaotic_city, minivault_23, chequers_hall_statues_wall_a,
          uniq_josephina, uniq_vv
Crypt:3:  evilmike_haunted_forest
Depths:1: layout_basic, pf_coc_iceberg, chequers_serial_rivers_marsh,
          abyss_entry, nemelex_lonely_heart_becter
Depths:2: kennysheep_large_vault, layout_gridlike, pan_entry, hell_entry,
          nicolae_uskayaw_en_pointe, infiniplex_staircase_split_hallway
Depths:4: grunt_zot_entry_funnels, layout_gridville, enter_ziggurat_d,
          minmay_room_of_horrors, hell_entry, minmay_crystal_water,
          statue_in_the_mist_lemuel, hangedman_decor_opposing
Zot:1:    layout_gridlike, st_small_dragon_hoard_5, grunt_ministairs_9,
          regret_index_zotdec_dark_gr
Zot:2:    layout_gridlike, lemuel_elevator
Zot:3:    lemuel_acid_trip, layout_onion

Skill      XL: |  1  2  3  4  5  6  7  8  9 10 11 12 13 14 15 16 17 18 19 20 21 22 23 24 25 |
---------------+----------------------------------------------------------------------------+-----
Shields        | 3 4 5 6 7 8 9 10 11 12 14 15 16 17 18 19 | 19.6
Unarmed Combat | 4 5 6 7 10 12 13 14 15 16 17 18 19 20 21 22 23 | 23.4
Fighting       | 3 4 6 7 9 10 11 12 13 14 15 16 17 18 | 18.0
Dodging        | 3 4 6 8 9 10 11 12 13 14 15 16 | 16.1
Armour         | 1 5 6 7 8 9 10 11 12 13 14 15 16 17 18 | 18.0
Invocations    | 3 5 6 7 8 9 11 13 | 13.1
Throwing       | 2 |  2.8

Action                     |  1- 3 |  4- 6 |  7- 9 | 10-12 | 13-15 | 16-18 | 19-21 | 22-24 | 25-27 || total
---------------------------+-------+-------+-------+-------+-------+-------+-------+-------+-------++-------
  Melee: Unarmed           |   135 |    90 |   278 |   610 |  1105 |  1110 |  1827 |  2085 |   393 ||  7633
         Bite              |       |       |       |    45 |       |       |       |       |       ||    45
         Headbutt          |       |       |       |    29 |   193 |       |       |       |       ||   222
         Punch             |       |       |       |       |     1 |       |       |       |       ||     1
         Kick              |       |       |       |       |       |       |       |   733 |   231 ||   964
  Throw: Large rock        |       |       |       |       |    33 |    24 |    31 |     4 |       ||    92
 Invoke: Heroism           |       |       |       |     7 |    32 |    25 |    28 |    13 |       ||   105
         Receive Weapon    |       |       |       |     1 |       |       |       |       |       ||     1
         Receive Armour    |       |       |       |     1 |       |       |       |       |       ||     1
         Finesse           |       |       |       |       |     1 |     2 |     3 |     4 |       ||    10
         Duel              |       |       |       |       |       |     1 |       |       |       ||     1
         Divine Shield     |       |       |       |       |       |       |       |    16 |     9 ||    25
         Summon Divine War |       |       |       |       |       |       |       |     4 |     2 ||     6
  Evoke: Wand              |       |     1 |     9 |     5 |     1 |     2 |       |     3 |       ||    21
    Use: Scroll            |       |       |    11 |    14 |    10 |    10 |     5 |     7 |     3 ||    60
         Potion            |       |       |     7 |     3 |     3 |     6 |     3 |     6 |     1 ||    29
   Stab: Sleeping          |     4 |     2 |     6 |     6 |     5 |     1 |     5 |     1 |       ||    30
         Paralysed         |       |     1 |     3 |     1 |       |       |       |       |       ||     5
         Invisible         |       |       |       |     1 |    17 |    34 |    30 |     5 |       ||    87
         Distracted        |       |       |       |       |       |     3 |     3 |       |       ||     6
         Confused          |       |       |       |       |       |       |     2 |       |       ||     2
 Armour: Robe              |    58 |    43 |    53 |       |       |       |       |       |       ||   154
         Steam dragon scal |       |       |    90 |   147 |       |       |       |       |       ||   237
         Acid dragon scale |       |       |       |    92 |       |       |       |       |       ||    92
         Shadow dragon sca |       |       |       |    82 |   490 |   610 |   867 |   257 |       ||  2306
         Gold dragon scale |       |       |       |       |       |       |       |   545 |   214 ||   759
  Dodge: Dodged            |    33 |    23 |    80 |   199 |   523 |   681 |   806 |   586 |   108 ||  3039
  Block: Kite shield       |    44 |    30 |   181 |   515 |   919 |  1049 |  1208 |  1657 |   373 ||  5976
         Reflection        |       |       |     2 |    10 |    14 |     2 |       |    79 |    20 ||   127

Table legend: (Time is in decaauts)
 A = Elapsed time spent in this place.
 B = Non-inter-level travel time spent in this place.
 C = Inter-level travel time spent in this place.
 D = Time resting spent in this place.
 E = Time spent auto-exploring this place.
 F = Levels seen in this place.
 G = Mean time per level.
                   A        B        C        D        E       F      G
               +--------+--------+--------+--------+--------+-----+--------+
         Total |  47933 |  44409 |   3524 |    876 |  30819 |  56 |  855.9 |
       Dungeon |  13078 |  11528 |   1550 |    141 |   8831 |  15 |  871.9 |
        Temple |     53 |      3 |     50 |      0 |      0 |   1 |   53.0 |
          Lair |   5134 |   4708 |    426 |     58 |   3483 |   5 | 1026.8 |
         Swamp |   3054 |   2861 |    193 |      0 |   2164 |   4 |  763.5 |
   Spider Nest |   4667 |   4446 |    221 |    223 |   2932 |   4 | 1166.8 |
  Orcish Mines |   1274 |   1174 |    100 |      0 |    623 |   2 |  637.0 |
   Elven Halls |   3092 |   2930 |    162 |    129 |   1768 |   3 | 1030.7 |
        Vaults |   6640 |   6094 |    546 |    148 |   3983 |   5 | 1328.0 |
         Crypt |   3299 |   3166 |    133 |     75 |   2097 |   3 | 1099.7 |
        Depths |   2386 |   2326 |     60 |      0 |   1789 |   3 |  795.3 |
           Zot |   2236 |   2156 |     80 |      0 |   1677 |   3 |  745.3 |
         Abyss |    467 |    467 |      0 |     62 |    100 |   2 |  233.5 |
        Bazaar |    230 |    230 |      0 |      0 |     85 |   1 |  230.0 |
         Sewer |    294 |    294 |      0 |      0 |    171 |   1 |  294.0 |
        Bailey |    367 |    367 |      0 |      0 |    222 |   1 |  367.0 |
       Volcano |    234 |    234 |      0 |      0 |     60 |   1 |  234.0 |
        Wizlab |   1395 |   1395 |      0 |     24 |    830 |   1 | 1395.0 |
         Arena |     26 |     26 |      0 |     15 |      4 |   1 |   26.0 |
               +--------+--------+--------+--------+--------+-----+--------+

Top non-repeatable levels by time:
Spider:4: 1873 daAuts
Vaults:4: 1511 daAuts
Vaults:5: 1433 daAuts
   Elf:3: 1424 daAuts
  WizLab: 1395 daAuts
 Crypt:3: 1378 daAuts
  Lair:5: 1350 daAuts
Spider:1: 1296 daAuts
Vaults:1: 1269 daAuts
Vaults:2: 1238 daAuts
Vaults:3: 1188 daAuts
Depths:4: 1160 daAuts
     D:7: 1159 daAuts
     D:1: 1125 daAuts
     D:6: 1115 daAuts
